 Dungeon Crawl Stone Soup version 0.30-a0-137-gd8773701ce (webtiles) character file.

Game seed: 9256646945227782753

390 KennySheep the Conjurer (level 6, -1/35 HPs)
             Began as a Tengu Air Elementalist on Sept 24, 2022.
             Was a Believer of Fedhas.
             Succumbed to a gnoll bouda's poison
             ... on level 4 of the Dungeon.
             The game lasted 00:13:37 (3026 turns).

KennySheep the Conjurer (Tengu Air Elementalist)    Turns: 3026, Time: 00:13:38

Health: -1/35      AC:  4    Str:  9    XL:     6   Next: 80%
Magic:  6/11       EV: 14    Int: 17    God:    Fedhas [**....]
Gold:   56         SH:  0    Dex: 14    Spells: 7/10 levels left

rFire   . . .      SeeInvis .    x - +2 long sword (drain)
rCold   x . .      Faith    .    (no shield)
rNeg    . . .      Spirit   .    a - +0 robe
rPois   .          Reflect  .    (helmet restricted)
rElec   .          Harm     .    (no cloak)
rCorr   .          Rampage  .    (no gloves)
Will    .....      Clarity  +    (boots unavailable)
Stlth   ++........               (no amulet)
HPRegen 0.11/turn                (no ring)
MPRegen 0.12/turn                (no ring)

@: lethally poisoned (-1 -> -23), flying quickly and evasively, invisible, quick
A: beak, talons 3, nimble flight, iridescent scales 1, clarity, cold
vulnerability 1
a: Renounce Religion, Wall of Briars


You were on level 4 of the Dungeon.
You worshipped Fedhas.
Fedhas was pleased with you.
You visited 1 branch of the dungeon, and saw 4 of its levels.

You collected 152 gold pieces.
You spent 96 gold pieces at shops.

Inventory:

Hand Weapons
 d - a +0 whip
 x - a +2 long sword of draining (weapon)
Armour
 a - a +0 robe (worn)
Jewellery
 j - a ring of wizardry
 p - a +4 ring of evasion
Wands
 w - a wand of iceblast (14)
Scrolls
 f - a scroll of fear
 h - a scroll of enchant weapon {unknown}
 k - a scroll of vulnerability
 m - 2 scrolls of blinking
 n - 2 scrolls of amnesia
 r - a scroll of magic mapping {unknown}
 s - a scroll of poison {unknown}
 u - a scroll of fog
 y - a scroll of identify
Potions
 b - 2 potions of magic
 c - a potion of mutation
 g - a potion of brilliance
 i - a potion of berserk rage {unknown}
 l - a potion of flight {unknown}
 o - a potion of might
 q - a potion of lignification {unknown}
 t - a potion of curing {unknown}
 v - a potion of cancellation
 z - 3 potions of heal wounds {unknown}


   Skills:
 + Level 2.0 Fighting
 - Level 2.1 Dodging
 + Level 3.5 Stealth
 + Level 2.9 Spellcasting
 * Level 5.2 Conjurations
 + Level 5.1 Air Magic
 + Level 1.7 Invocations


You had 7 spell levels left.
You knew the following spells:

 Your Spells              Type           Power      Damage    Failure   Level
a - Shock                 Conj/Air       80%        1d8       2%          1
b - Static Discharge      Conj/Air       40%        2-4/arc   3%          2

Your spell library contained the following spells:

 Spells                   Type           Power      Damage    Failure   Level
 Magic Dart               Conj           80%        1d7       1%          1
 Swiftness                Air            20%        N/A       6%          3
 Mephitic Cloud           Conj/Pois/Air  14%        N/A       13%         3
 Airstrike                Air            10%        2d(2-18)  22%         4
 Call Imp                 Summ           2%         N/A       26%         2
 Ensorcelled Hibernation  Hex/Ice        4%         N/A       26%         2
 Passwall                 Tmut/Erth      1%         N/A       26%         2


Dungeon Overview and Level Annotations

Branches:
Dungeon (4/15)
 Temple: D:4-7

Altars:
Cheibriados
Fedhas
Nemelex Xobeh

Shops:
D:3 *


Innate Abilities, Weirdness & Mutations

You have a beak for a mouth.
You have claws for feet.
Your magical nature lets you fly swiftly and evasively.
You are partially covered in iridescent scales. (AC +2)
You possess an exceptional clarity of mind.
You are vulnerable to cold. (rC-)


Message History

Things that are here:
a +0 mace; 3 boomerangs; an orc corpse You see here a jackal corpse.
Aiming: Shock (safe; 2% risk of failure)
Press: ? - help, Q - select action, (/) - cycle Shift-Dir - straight line, f - gnoll bouda
Aim: a gnoll bouda, wielding a +1 whip of venom and wearing a +0 leather armour (75% to hit)
The zap hits the gnoll bouda.
The gnoll bouda is moderately wounded.
The gnoll bouda closely misses you.
Aiming: Shock (safe; 2% risk of failure)
Press: ? - help, Q - select action, (/) - cycle Shift-Dir - straight line, f/p - gnoll bouda
Aim: a gnoll bouda, wielding a +1 whip of venom and wearing a +0 leather armour (moderately wounded, 75% to hit)
The zap hits the gnoll bouda.
The gnoll bouda is moderately wounded.
The gnoll bouda misses you.
Aiming: Shock (safe; 2% risk of failure)
Press: ? - help, Q - select action, (/) - cycle Shift-Dir - straight line, f/p - gnoll bouda
Aim: a gnoll bouda, wielding a +1 whip of venom and wearing a +0 leather armour (moderately wounded, 75% to hit)
The zap misses the gnoll bouda.
The gnoll bouda hits you with a +1 whip of venom.
You are poisoned.
Aiming: Shock (safe; 2% risk of failure)
Press: ? - help, Q - select action, (/) - cycle Shift-Dir - straight line, f/p - gnoll bouda
Aim: a gnoll bouda, wielding a +1 whip of venom and wearing a +0 leather armour (moderately wounded, 75% to hit)
The zap hits the gnoll bouda but does no damage.
The gnoll bouda is moderately wounded.
You feel sick.
The gnoll bouda hits you with a +1 whip of venom!
You are lethally poisoned!
Aiming: Shock (safe; 2% risk of failure)
Press: ? - help, Q - select action, (/) - cycle Shift-Dir - straight line, f/p - gnoll bouda
Aim: a gnoll bouda, wielding a +1 whip of venom and wearing a +0 leather armour (moderately wounded, 75% to hit)
The zap hits the gnoll bouda.
The gnoll bouda is heavily wounded.
You feel very sick.
The gnoll bouda hits you with a +1 whip of venom!
* * * LOW HITPOINT WARNING * * *
You fade into invisibility!
You die...
Fedhas appreciates your contribution to the ecosystem.

#...g# #
#.#....##.#
#.####..?.#
#####.# #.#.##
#.....####.#.###.
#.............>.
#...........#..#
##.g.........#
#..@.......###
#.............
###†#........###
##.).######...#
######## ##.)###
###..#
#......###.)##
<...
#......#...## ...
#......#.###
#........#


You could see a gnoll bouda (unable to see you).

Vanquished Creatures
  Sigmund (D:2)
  A scorpion (D:3)
  6 adders
  3 gnolls (D:4)
  3 worms (D:2)
  3 dart slugs
  4 orcs
  5 endoplasms
  3 giant cockroaches (D:1)
  4 goblins
  8 hobgoblins
  2 jackals (D:4)
  4 kobolds
  A quokka (D:2)
  4 ball pythons
  4 bats
  A frilled lizard (D:1)
  7 rats
64 creatures vanquished.

Vanquished Creatures (others)
  9 fungi (D:2)
9 creatures vanquished.

Grand Total: 73 creatures vanquished

Notes
Turn   | Place    | Note
-------+----------+-------------------------------------------
     0 | D:1      | KennySheep the Tengu Air Elementalist began the quest for
                  | the Orb.
     0 | D:1      | Reached XP level 1. HP: 10/10 MP: 4/4
   172 | D:1      | Reached XP level 2. HP: 15/15 MP: 1/6
   252 | D:1      | Gained mutation: You possess an exceptional clarity of
                  | mind. [potion of mutation]
   252 | D:1      | Gained mutation: You are vulnerable to cold. (rC-) [potion
                  | of mutation]
   252 | D:1      | Gained mutation: You are partially covered in iridescent
                  | scales. (AC +2) [potion of mutation]
   321 | D:1      | Learned a level 2 spell: Static Discharge
   383 | D:1      | Found a faded altar of an unknown god.
   395 | D:1      | Prayed at the altar of an unknown god.
   395 | D:1      | Became a worshipper of Fedhas Madash
   395 | D:1      | Reached * piety under Fedhas
   923 | D:1      | Found a sparkling altar of Nemelex Xobeh.
   984 | D:2      | Noticed Sigmund
   993 | D:2      | Reached XP level 3. HP: 20/20 MP: 4/7
   997 | D:2      | Killed Sigmund
   998 | D:2      | Reached skill level 1 in Fighting
   998 | D:2      | Reached skill level 1 in Invocations
   998 | D:2      | Reached XP level 4. HP: 19/25 MP: 2/8
   998 | D:2      | Gained mutation: Your magical nature lets you fly swiftly
                  | and evasively. [Tengu growth]
   998 | D:2      | Reached XP level 5. HP: 23/29 MP: 2/9
  1321 | D:2      | Reached XP level 6. HP: 27/35 MP: 6/11
  1999 | D:3      | Reached skill level 5 in Air Magic
  2000 | D:3      | Reached ** piety under Fedhas
  2097 | D:3      | Found a snail-covered altar of Cheibriados.
  2114 | D:3      | Found Eduv's General Store.
  2129 | D:3      | Bought a potion of cancellation for 96 gold pieces
  2501 | D:3      | Reached skill level 5 in Conjurations
  3026 | D:4      | Succumbed to a gnoll bouda's poison

Illustrated notes

Levels and vault maps discovered:
D:1:      dpeg_arrival_water_altar, layout_loops_ring,
          hellmonk_ecumenical_altar_crossroads, minmay_misc_feat_ornament,
          minivault_19, dreamdust_wishing_well
D:2:      layout_basic, dreamdust_mushroom_princess, minivault_4, uniq_sigmund
D:3:      layout_basic, cheibriados_altar_1, serial_shops, shop,
          minmay_statues_item, due_unseen_surprise
D:4:      layout_rooms, minmay_ruptured

Skill      XL: |  1  2  3  4  5  6 |
---------------+-------------------+-----
Conjurations   | 2 4 5 |  5.2
Fighting       | 1 2 |  2.0
Invocations    | 1 |  1.7
Stealth        | 3 |  3.5
Air Magic      | 5 |  5.1
Dodging        | |  2.1
Spellcasting   | |  2.9

Action                   |  1- 3 |  4- 6 || total
-------------------------+-------+-------++-------
Melee: Kick              |     4 |     3 ||     7
       Whip              |     7 |       ||     7
       Peck              |     3 |       ||     3
       Unarmed           |     2 |       ||     2
       Long sword        |       |    13 ||    13
 Cast: Shock             |    35 |    80 ||   115
  Use: Scroll            |     3 |     2 ||     5
       Potion            |     3 |     2 ||     5
 Stab: Sleeping          |     2 |     1 ||     3
Armor: Robe              |     3 |    13 ||    16
Dodge: Dodged            |    12 |    52 ||    64

Table legend: (Time is in decaauts)
 A = Elapsed time spent in this place.
 B = Non-inter-level travel time spent in this place.
 C = Inter-level travel time spent in this place.
 D = Time resting spent in this place.
 E = Time spent auto-exploring this place.
 F = Levels seen in this place.
 G = Mean time per level.
                   A        B        C        D        E       F      G
               +--------+--------+--------+--------+--------+-----+--------+
         Total |   2920 |   2867 |     53 |    328 |   2108 |   4 |  730.0 |
       Dungeon |   2920 |   2867 |     53 |    328 |   2108 |   4 |  730.0 |
               +--------+--------+--------+--------+--------+-----+--------+

Top non-repeatable levels by time:
     D:3: 952 daAuts
     D:1: 938 daAuts
     D:2: 879 daAuts
     D:4: 150 daAuts
